 Dungeon Crawl Stone Soup version 0.29.1-15-g9cfb28693d (webtiles) character file.

Game seed: 1025696202922069352

6320 promet the Covert (level 10, -2/72 HPs)
             Began as an Octopode Brigand on Feb 21, 2023.
             Was a Believer of Dithmenos.
             Killed from afar by an acid dragon (29 damage)
             ... with a splash of acid
             ... on level 9 of the Dungeon on Feb 22, 2023.
             The game lasted 00:53:59 (11980 turns).

promet the Covert (Octopode Brigand)               Turns: 11980, Time: 00:53:59

Health: -2/72      AC:  1    Str: 11    XL:     10   Next: 95%
Magic:  13/14      EV: 16    Int: 23    God:    Dithmenos [**....]
Gold:   439        SH:  0    Dex: 16    Spells: 12/14 levels left

rFire   . . .      SeeInvis +   a - +0 rapier (venom)
rCold   + . .      Faith    .   (no shield)
rNeg    . . .      Spirit   .   (helmet currently unavailable)
rPois   .          Reflect  .   (no amulet)
rElec   .          Harm     .   s - ring of protection from cold
rCorr   .          Rampage  .   d - ring "Ysoihasch" {Dex+2 Slay+2 SInv}
Will    .....                   B - +6 ring of intelligence
Stlth   +++++++++.              (no ring)
HPRegen 0.22/turn               (no ring)
MPRegen 0.14/turn               (no ring)
                                (no ring)
                                (no ring)

@: appendages (expiring), wreathed by umbra
A: tentacle spike 3, almost no armour, amphibious, 8 rings, camouflage 1,
gelatinous body 1, (nimble swimmer 1), tentacles
a: End Transformation, Renounce Religion, Shadow Step


You were on level 9 of the Dungeon.
You worshipped Dithmenos.
Dithmenos was pleased with you.
One of your tentacles had grown a beastly spike.
You visited 1 branch of the dungeon, and saw 9 of its levels.

You collected 439 gold pieces.

Inventory:

Hand Weapons
 a - a +0 rapier of venom (weapon)
 b - a +2 shortbow of freezing
 g - a +0 quarterstaff
 i - a +2 dagger
 l - a +0 spear
 n - a +0 sling
 o - a +0 war axe
 q - a +1 mace of holy wrath
 r - a +0 spear
 u - a +1 dagger of draining
 w - a +5 hand axe of freezing
 C - a +4 halberd
 E - a +4 short sword
 F - a +0 battleaxe
Missiles
 c - 3 curare-tipped darts
 e - 11 poisoned darts
 f - 70 stones
 p - 4 boomerangs (quivered)
Jewellery
 d - the ring "Ysoihasch" (right tentacle) {Dex+2 Slay+2 SInv}
   (You acquired it on level 4 of the Dungeon)

   [ring of see invisible]

   Dex:       It affects your dexterity (+2).
   Slay:      It affects your accuracy & damage with ranged weapons and melee
   (+2).
   SInv:      It lets you see invisible.
 s - a ring of protection from cold (left tentacle)
 B - a +6 ring of intelligence (on tentacle)
Wands
 y - a wand of iceblast (6)
Scrolls
 j - a scroll of poison
 k - a scroll of teleportation
 v - a scroll of butterflies
 x - 2 scrolls of vulnerability
 z - 2 scrolls of enchant armour
 A - a scroll of silence {unknown}
 D - a scroll of acquirement
 G - a scroll of enchant weapon {unknown}
 H - a scroll of amnesia
Potions
 h - 2 potions of flight
 m - 4 potions of curing
 t - 3 potions of brilliance


   Skills:
 + Level 7.8 Fighting
 + Level 5.5 Short Blades
 * Level 2.8 Polearms
 + Level 2.7 Ranged Weapons
 + Level 6.6 Throwing
 + Level 7.2 Dodging
 + Level 14.3 Stealth
 + Level 2.7 Spellcasting
 + Level 1.0 Hexes
 + Level 2.6 Transmutations


You had 12 spell levels left.
You knew the following spells:

 Your Spells              Type           Power      Damage    Failure   Level
a - Slow                  Hex            28%        N/A       8%          1
b - Beastly Appendage     Tmut           30%        N/A       4%          1

Your spell library contained the following spells:

 Spells                   Type           Power      Damage    Failure   Level
 Wereblood                Tmut           15%        N/A       6%          2
 Apportation              Tloc           6%         N/A       12%         1
 Necrotise                Necr           12%        1d4       12%         1
 Summon Small Mammal      Summ           12%        N/A       12%         1
 Spider Form              Tmut/Pois      9%         N/A       22%         3
 Confusing Touch          Hex            7%         N/A       24%         3
 Tukima's Dance           Hex            7%         N/A       24%         3
 Portal Projectile        Hex/Tloc       10%        N/A       28%         3
 Call Canine Familiar     Summ           3%         N/A       34%         3
 Vampiric Draining        Necr           3%         2d6       34%         3
 Leda's Liquefaction      Hex/Erth       2%         N/A       67%         4
 Passage of Golubria      Tloc           3%         N/A       75%         4
 Yara's Violent Unravell  Hex/Tmut       5%         3d4       83%         5


Dungeon Overview and Level Annotations

Branches:
Dungeon (9/15)             Temple (0/1) D:7            Lair (0/5) D:8
    Orc: D:9-12

Altars:
Ashenzari
Dithmenos
Elyvilon
Gozag
Kikubaaqudgha
Ru
Trog
Wu Jian
Zin
Jiyva

Annotations:
D:5 2 runed translucent doors
D:9 2 transporters


Innate Abilities, Weirdness & Mutations

One of your tentacles has grown a beastly spike.
You cannot wear most types of armour.
You are amphibious.
You can wear up to eight rings at the same time.
Your skin changes colour to match your surroundings (Stealth+).
Your rubbery body absorbs attacks. (AC +1, EV +1)
((You are camouflaged when in or above water. (Stealth+)))
You have tentacles for arms and can constrict up to eight enemies at once.


Message History

A howler monkey comes into view.
The howler monkey howls!
The howler monkey hoots and howls with incredible vigour!
You hear a howl! x2; You hear a screech!
The howler monkey hoots and howls with incredible vigour!
You hear an angry growl.
The howler monkey hoots and howls with incredible vigour!
You hear a howl! x2
The howler monkey hoots and howls with incredible vigour!
Casting: Beastly Appendage (safe; 4% risk of failure)
Confirm with . or Enter, or press ? or * to list all spells.
One of your tentacles grows a vicious spike.
The howler monkey hoots and howls with incredible vigour!
You hear a roar!
You hear an angry growl.
You hear a howl!
An acid dragon comes into view.
You barely miss the howler monkey.
The acid dragon roars!
You grab the howler monkey. You constrict the howler monkey.
The howler monkey hoots and howls with incredible vigour!
You hit the howler monkey.
The howler monkey is poisoned.
You pierce the howler monkey.
The howler monkey is severely wounded.
You constrict the howler monkey.
The howler monkey hoots and howls with incredible vigour!
The howler monkey hits you.
You constrict the howler monkey.
You kill the howler monkey!
Dithmenos accepts your kill.
Your transformation is almost over.
The acid dragon spits acid at you. The splash of acid hits you!!
You see here a howler monkey corpse.
You hit the acid dragon but do no damage.
Your tentacle spike misses the acid dragon.
The acid dragon bites you! The acid dragon claws you.
You barely miss the acid dragon. You squeeze the acid dragon!
The acid dragon is heavily wounded.
The acid dragon spits acid at you. The splash of acid hits you!!
You die...

#.....................#
#.....................# .....#
#.....................# .....#
#.....................# .....#
#.....................# .....#
#.....................# .....#
#.....................# .....#
#.....................#
.....######....D@†..............#
...............#####.....########
...............# #.....#
...............# #.....#
...............# #.....#
...............# #.....#
...............# #.....#
...............# #[[.<.#
...............# #.....#


You could see an acid dragon (catching breath).

Vanquished Creatures
  Erolcha (D:9)
  A cyclops (D:7)
  Prince Ribbit (D:5)
  A shadow (D:7)
  A wyvern (D:9)
  4 yaks
  A wraith (D:8)
  3 humans (D:6)
  A steam dragon (D:7)
  A water moccasin (D:8)
  2 ice beasts
  4 black bears
  An ogre (D:6)
  2 centaurs
  2 phantoms
  5 bullfrogs
  A gnoll sergeant (D:9)
  3 necrophages
  4 scorpions
  5 wights (D:8)
  3 howler monkeys
  A lava snake (D:7)
  3 hounds
  3 orc priests (D:8)
  2 jellies (D:5)
  A gnoll bouda (D:6)
  Natasha (thrice) (D:4)
  5 iguanas
  6 orc wizards
  A mummy (D:4)
  11 gnolls
  14 adders
  A shadow imp (D:5)
  A white imp (D:6)
  2 ufetubi
  4 worms
  2 dart slugs (D:4)
  18 orcs
  6 ball pythons
  5 endoplasms
  4 giant cockroaches
  10 goblins
  4 hobgoblins
  5 kobolds
  5 quokkas
  2 bats
  9 frilled lizards
  9 rats
184 creatures vanquished.

Vanquished Creatures (collateral kills)
  A hobgoblin (D:4)
1 creature vanquished.

Vanquished Creatures (others)
  9 fungi (D:8)
  7 plants (D:8)
16 creatures vanquished.

Grand Total: 201 creatures vanquished

Notes
Turn   | Place    | Note
-------+----------+-------------------------------------------
     0 | D:1      | promet the Octopode Brigand began the quest for the Orb.
     0 | D:1      | Reached XP level 1. HP: 14/14 MP: 1/1
   337 | D:1      | Reached XP level 2. HP: 18/19 MP: 2/2
   339 | D:1      | Learned a level 1 spell: Slow
  1114 | D:1      | Reached skill level 6 in Stealth
  1114 | D:1      | Reached XP level 3. HP: 18/25 MP: 3/3
  1910 | D:2      | Reached skill level 1 in Ranged Weapons
  1910 | D:2      | Reached XP level 4. HP: 30/30 MP: 4/4
  2847 | D:3      | Reached XP level 5. HP: 31/36 MP: 5/5
  3192 | D:3      | Found a sacrificial altar of Ru.
  3283 | D:3      | Reached skill level 7 in Stealth
  3285 | D:3      | Became a worshipper of Ru the Awakened
  3767 | D:4      | Noticed Natasha
  3773 | D:4      | Killed Natasha
  3787 | D:4      | Reached XP level 6. HP: 42/42 MP: 6/6
  4295 | D:4      | Reached skill level 11 in Stealth
  4295 | D:4      | Reached XP level 7. HP: 53/53 MP: 7/7
  4414 | D:4      | Reached XP level 8. HP: 23/60 MP: 8/8
  4626 | D:4      | Identified a scroll of acquirement
  4626 | D:4      | Acquired the ring "Ysoihasch" {Dex+2 Slay+2 SInv}
  4711 | D:4      | Found a shadowy altar of Dithmenos.
  4721 | D:4      | Fell from the grace of Ru
  4721 | D:4      | Became a worshipper of Dithmenos the Shadowed
  4764 | D:4      | Noticed Natasha
  4768 | D:4      | Found a glowing silver altar of Zin.
  4789 | D:4      | Killed Natasha
  4935 | D:4      | Noticed Natasha
  5036 | D:4      | Killed Natasha
  5317 | D:4      | Noticed a moth of wrath
  5319 | D:4      | Found a bloodstained altar of Trog.
  5587 | D:4      | Found a white marble altar of Elyvilon.
  5607 | D:5      | Entered Level 5 of the Dungeon
  5951 | D:5      | Reached skill level 12 in Stealth
  6110 | D:5      | Noticed Prince Ribbit
  6116 | D:5      | Killed Prince Ribbit
  6155 | D:5      | Reached * piety under Dithmenos
  6179 | D:5      | Found a broken altar of Ashenzari.
  6194 | D:5      | Found a runed translucent door.
  6196 | D:5      | Found a runed translucent door.
  6564 | D:6      | Learned a level 1 spell: Beastly Appendage
  6609 | D:6      | Reached skill level 5 in Short Blades
  6742 | D:6      | Reached XP level 9. HP: 64/64 MP: 6/9
  7097 | D:6      | Found an opulent altar of Gozag.
  7653 | D:6      | Reached skill level 13 in Stealth
  8117 | D:7      | Found a staircase to the Ecumenical Temple.
  8143 | D:7      | Reached skill level 1 in Transmutations
  8389 | D:7      | Noticed a cyclops
  8402 | D:7      | Killed a cyclops
  8531 | D:7      | Reached skill level 1 in Spellcasting
  8697 | D:7      | Reached XP level 10. HP: 70/71 MP: 11/13
  9637 | D:8      | Found a staircase to the Lair.
  9650 | D:8      | Reached skill level 14 in Stealth
  9673 | D:8      | Reached ** piety under Dithmenos
  9812 | D:8      | Found an ancient bone altar of Kikubaaqudgha.
  9920 | D:8      | Found an ornate altar of the Wu Jian Council.
 10687 | D:9      | Reached skill level 1 in Hexes
 10747 | D:9      | Reached skill level 1 in Polearms
 11653 | D:9      | Noticed Erolcha
 11661 | D:9      | Killed Erolcha
 11912 | D:9      | Found a transporter.
 11913 | D:9      | Found a transporter.
 11915 | D:9      | Found a viscous altar of Jiyva.
 11980 | D:9      | Killed from afar by an acid dragon

Illustrated notes

Levels and vault maps discovered:
D:1:      lemuel_arrival_funnel, layout_basic
D:2:      layout_basic
D:3:      layout_rooms, nicolae_ru_great_annihilating_truth
D:4:      layout_basic, mainiacjoe_overflow_small_starburst,
          mainiacjoe_overflow_six_doors_small, tgw_trog, kennysheep_mini_moat,
          gup_ossuary_entry_pyramid, minmay_divided_ellipse, uniq_natasha
D:5:      lemuel_insect_pit, layout_basic, nicolae_ashenzari_skybound,
          serial_bayou_pond_e, kennysheep_minor_cross, st_stairs_13,
          uniq_prince_ribbit1
D:6:      layout_rooms, lemuel_tele_altar, minmay_ruffians
D:7:      layout_loops_corners, minmay_temple_entry_large_hall,
          kennysheep_another_room
D:8:      layout_basic, nzn_wu_jian_council_hall, old_standard_altar,
          due_lair_maze_entry_diamond, dk_noncrumbling_3
D:9:      gammafunk_jiyva_shrine, layout_gridville,
          lemuel_mausoleum_altar_yredelemnul,
          mainiacjoe_overflow_catwalk_spiral, uniq_grum, uniq_harold,
          uniq_erolcha, uniq_amaemon

Skill      XL: |  1  2  3  4  5  6  7  8  9 10 |
---------------+-------------------------------+-----
Stealth        | 6 7 11 12 13 14 | 14.3
Ranged Weapons | 1 2 |  2.7
Short Blades   | 3 4 5 |  5.5
Fighting       | 3 7 |  7.8
Throwing       | 6 |  6.6
Dodging        | 6 7 |  7.2
Transmutations | 1 2 |  2.6
Spellcasting   | 2 |  2.7
Hexes          | 1 |  1.0
Polearms       | 2 |  2.8

Action                   |  1- 3 |  4- 6 |  7- 9 | 10-12 || total
-------------------------+-------+-------+-------+-------++-------
Melee: Dagger            |    28 |     1 |   178 |    30 ||   237
       Constrict         |    11 |    18 |    28 |    21 ||    78
       Tentacles         |     7 |    19 |    43 |    20 ||    89
       Rapier            |    21 |    88 |       |    30 ||   139
       Punch             |       |     2 |     3 |     4 ||     9
       Kick              |       |       |    26 |    37 ||    63
       Halberd           |       |       |       |    35 ||    35
       Shortbow          |       |       |       |     2 ||     2
 Fire: Sling             |    12 |       |     4 |       ||    16
       Shortbow          |       |       |       |    22 ||    22
Throw: Dart              |       |     2 |     3 |     4 ||     9
       Stone             |       |       |     2 |       ||     2
       Boomerang         |       |       |       |     3 ||     3
 Cast: Beastly Appendage |       |       |    12 |    22 ||    34
       Slow              |       |       |     3 |     4 ||     7
Evoke: Wand              |       |       |     1 |       ||     1
  Use: Scroll            |     6 |     4 |     5 |     6 ||    21
       Potion            |       |     3 |     5 |     3 ||    11
 Stab: Sleeping          |     8 |    12 |    26 |     9 ||    55
Armor: Skin              |     3 |     1 |     6 |     5 ||    15
Dodge: Dodged            |    23 |    34 |   114 |    74 ||   245
